 Dungeon Crawl Stone Soup version 0.24-a0-126-g3f76249 (webtiles) character file.

Game seed: 7660246747190041497

2874 zishaf the Skirmisher (level 10, -6/80 HPs)
             Began as a Human Wanderer on Feb 25, 2019.
             Was a Priest of Nemelex Xobeh.
             Killed by a card of wild magic (44 damage)
             ... on level 7 of the Dungeon.
             The game lasted 00:22:42 (7544 turns).

zishaf the Skirmisher (Human Wanderer)              Turns: 7544, Time: 00:22:42

Health: -6/80      AC: 15    Str: 14    XL:     10   Next: 5%
Magic:  4/4        EV:  2    Int: 10    God:    Nemelex Xobeh [***...]
Gold:   364        SH: 14    Dex: 14    Spells: 9/9 levels left

rFire    . . .     SeeInvis .   J - +3 spear (antimagic)
rCold    . . .     Gourm    .   r - +1 shield
rNeg     . . .     Faith    .   H - +0 plate armour
rPois    .         Spirit   .   F - +0 helmet
rElec    .         Reflect  +   A - +0 cloak
rCorr    .         Harm     .   (no gloves)
MR       +....                  (no boots)
Stlth    ..........             s - +3 amulet of reflection
HPRegen  0.23/turn              b - ring of protection from magic
MPRegen  0.09/turn              u - -3 ring of intelligence (curse)

@: no status effects
A: no striking features
a: Draw Escape, Draw Destruction, Draw Summoning, Triple Draw, Renounce Religion


You were on level 7 of the Dungeon.
You worshipped Nemelex Xobeh.
Nemelex Xobeh was most pleased with you.
You were not hungry.

You visited 2 branches of the dungeon, and saw 8 of its levels.
You also visited: Sewer and Ossuary.

You collected 364 gold pieces.

Inventory:

Hand Weapons
 a - a +2 spear
 d - a +0 dagger
 B - a +0 blowgun
 I - a +2 antimagic war axe
 J - a +3 antimagic spear (weapon)
Missiles
 g - 147 stones (quivered)
 C - 16 poisoned needles
Armour
 r - a +1 shield (worn)
 A - a +0 cloak (worn)
 F - a +0 helmet (worn)
 H - a +0 plate armour (worn)
Jewellery
 b - a ring of protection from magic (left hand)
 k - a +2 ring of dexterity
 m - an uncursed ring of ice
 s - a +3 amulet of reflection (around neck)
 t - a +2 ring of dexterity
 u - a cursed -3 ring of intelligence (right hand)
 G - an uncursed ring of poison resistance
Wands
 p - a wand of acid (7)
Scrolls
 e - 2 scrolls of noise
 n - a scroll of remove curse {unknown}
 q - 3 scrolls of teleportation
 w - 4 scrolls of identify
 x - a scroll of blinking
 y - 2 scrolls of amnesia {unknown}
 L - a scroll of enchant armour
 O - a scroll of fear {unknown}
 P - a scroll of summoning {unknown}
Potions
 c - 3 potions of lignification
 h - 2 potions of mutation {unknown}
 i - 7 potions of curing
 j - 3 potions of brilliance
 l - 2 potions of agility
 o - a potion of might {unknown}
 v - 4 potions of heal wounds
 z - a potion of berserk rage
 D - 2 potions of flight
 E - a potion of ambrosia
 K - a potion of cancellation {unknown}
 M - 2 potions of magic {unknown}
 N - a potion of resistance {unknown}
Comestibles
 f - 8 rations


   Skills:
 + Level 7.7 Fighting
 - Level 3.1 Polearms
 + Level 6.5 Armour
 - Level 5.0 Stealth
 + Level 6.1 Shields
 + Level 6.4 Invocations


You had 9 spell levels left.
You didn't know any spells.
Your spell library was empty.

Dungeon Overview and Level Annotations

Branches:
Dungeon (7/15)             Temple (1/1) D:6

Altars:
Ashenzari
Nemelex Xobeh
Trog
Wu Jian
Yredelemnul
The Shining One

Shops:
D:6 ?   D:7 !

Annotations:
D:5 exclusion: upstairs
D:6 3 runed translucent doors, Tarl's ghost, amateur FoAK


Message History

Aiming: Corrosive Bolt
Press: ? - help, Shift-Dir - straight line, f - orc priest
Aim: an orc priest, wielding a +0 dagger and wearing a +0 ring mail (lightly wounded)
The bolt of acid misses the orc priest.
The orc hits you but does no damage. You block the orc priest's attack.
You completely miss the orc priest.
The orc priest is lightly wounded.
You block the orc's attack.
The orc priest hits you with a +0 dagger.
You draw a card...
You have drawn Wild Magic.
The orc is encased in ice!
The orc dies!
Freezing gases pour from the orc's hands!
There is a sudden and violent explosion of flames!
The fireball engulfs the orc priest!!
The orc priest dies!
Your life force feels restored.
The fireball engulfs you!!!
Ouch! That really hurt!
You die...
Your body glows with a rainbow of weird colours and disappears.

#...........<..#
..#
##.............##
..#
##(............##
.#
#............###
.# #...........##
#...........#
#..........##
#..........#
##.....o@)<#######
#........)........
#............#####
#..........#......
#..........####...
............# ..
###........## .
........## ######


You could see an orc.

Vanquished Creatures
  Pikel (D:5)
  A wraith (Ossuary)
  Eustachio (D:6)
  Menkaure (D:6)
  A water moccasin (D:5)
  A sky beast (D:5)
  A phantom (D:6)
  An orc warrior (D:6)
  2 eyes of draining (D:5)
  An ogre (D:6)
  A big kobold (Sewer)
  An elf zombie (Ossuary)
  2 bullfrogs (D:7)
  A scorpion (D:6)
  3 crimson imps
  2 howler monkeys (D:4)
  A jelly (D:7)
  A bullfrog skeleton (D:4)
  3 orc priests
  2 iguanas (D:5)
  2 orc wizards
  3 worker ants
  A killer bee zombie (D:5)
  2 hound skeletons (D:5)
  3 mummies (Ossuary)
  A worker ant zombie (D:5)
  A howler monkey skeleton (D:4)
  5 adders
  2 shadow imps
  2 oozes
  An adder skeleton (D:6)
  3 worms
  2 dart slugs
  2 leopard geckos
  3 orcs
  8 giant cockroaches
  A gnoll zombie (Ossuary)
  5 goblins
  5 hobgoblins
  9 jackals
  8 quokkas
  4 ball pythons
  10 bats
  3 frilled lizards
  4 goblin zombies
  3 hobgoblin zombies (Ossuary)
  10 kobolds
  4 kobold zombies (Ossuary)
  An orc zombie (Ossuary)
  3 quokka zombies
  10 rats
149 creatures vanquished.

Vanquished Creatures (collateral kills)
  An ice beast (D:6)
  An ogre (D:5)
  Blork the orc (D:5)
  A bullfrog (D:6)
  A howler monkey (D:5)
  A centaur skeleton (D:5)
  An orc wizard (D:5)
  6 gnolls (D:6)
  5 orcs
  3 jackals (D:5)
  A leopard gecko skeleton (D:5)
22 creatures vanquished.

Vanquished Creatures (others)
  An orc priest (D:7)
  2 orcs
  A kobold (Sewer)
4 creatures vanquished.

Grand Total: 175 creatures vanquished

Notes
Turn   | Place    | Note
-------+----------+-------------------------------------------
     0 | D:1      | zishaf the Human Wanderer began the quest for the Orb.
     0 | D:1      | zishaf set off with the following items: a +2 spear, a +0
                  | ring mail, a potion of lignification, a +0 dagger, a ration
     0 | D:1      | Reached XP level 1. HP: 19/19 MP: 1/1
   120 | D:1      | Reached XP level 2. HP: 18/25 MP: 2/2
   345 | D:1      | Reached skill level 1 in Polearms
   388 | D:1      | Reached XP level 3. HP: 25/30 MP: 3/3
  1032 | D:2      | Reached XP level 4. HP: 33/38 MP: 4/4
  1252 | D:2      | Found a sparkling altar of Nemelex Xobeh.
  1321 | D:2      | Became a worshipper of Nemelex Xobeh the Trickster
  1549 | D:2      | Reached skill level 1 in Shields
  1725 | D:3      | Received a gift from Nemelex Xobeh
  1752 | D:3      | Reached XP level 5. HP: 25/43 MP: 5/5
  1781 | D:2      | HP: 2/43 [poisoned by an adder]
  1789 | D:2      | HP: 1/43 [poisoned by an adder]
  2115 | D:3      | Reached skill level 1 in Invocations
  2669 | D:4      | Reached XP level 6. HP: 47/50 MP: 5/7
  2711 | D:4      | Reached * piety under Nemelex Xobeh
  2711 | D:4      | Received a gift from Nemelex Xobeh
  2779 | D:4      | Found a glowing drain.
  2826 | Sewer    | Entered a sewer
  2927 | Sewer    | Reached skill level 5 in Fighting
  3055 | Sewer    | Found a white marble altar of Elyvilon.
  3134 | D:4      | Found an ornate altar of the Wu Jian Council.
  3222 | D:4      | Reached XP level 7. HP: 31/56 MP: 8/8
  3512 | D:5      | Entered Level 5 of the Dungeon
  3805 | D:5      | Found a shattered altar of Ashenzari.
  3869 | D:5      | Noticed Blork the orc
  3902 | D:5      | Killed Blork the orc
  4135 | D:5      | Noticed Pikel
  4150 | D:5      | Killed Pikel
  4150 | D:5      | Reached skill level 6 in Fighting
  4150 | D:5      | Reached XP level 8. HP: 64/64 MP: 9/11
  4257 | D:5      | Found a bloodstained altar of Trog.
  4342 | D:5      | Received a gift from Nemelex Xobeh
  4440 | D:5      | Reached skill level 5 in Armour
  4613 | D:6      | Reached ** piety under Nemelex Xobeh
  4632 | D:6      | Found a runed translucent gate.
  4632 | D:6      | Found a runed translucent gate.
  4644 | D:6      | Found a runed translucent gate.
  4679 | D:6      | Reached XP level 9. HP: 68/71 MP: 4/12
  4696 | D:6      | Noticed Menkaure
  5045 | D:6      | Found Jinwyuckoi's Magic Scroll Shoppe.
  5116 | D:6      | Reached skill level 5 in Invocations
  5134 | D:6      | Found a staircase to the Ecumenical Temple.
  5162 | D:6      | Killed Menkaure
  5162 | D:6      | Reached skill level 5 in Shields
  5245 | D:6      | Reached skill level 7 in Fighting
  5663 | Temple   | Entered the Ecumenical Temple
  6132 | D:6      | Found a basalt altar of Yredelemnul.
  6132 | D:6      | Noticed Eustachio
  6166 | D:6      | Killed Eustachio
  6167 | D:6      | Received a gift from Nemelex Xobeh
  6404 | D:6      | Noticed Tarl's ghost (amateur FoAK)
  6524 | D:7      | Found a glowing golden altar of the Shining One.
  6530 | D:7      | Found Oxtot's Distillery.
  6587 | D:7      | Found a sand-covered staircase.
  6598 | Ossuary  | Entered an ossuary
  6813 | Ossuary  | Reached *** piety under Nemelex Xobeh
  7069 | Ossuary  | Received a gift from Nemelex Xobeh
  7459 | D:7      | Reached XP level 10. HP: 75/79 MP: 4/14
  7544 | D:7      | Killed by a card of wild magic

Levels and vault maps discovered:
D:1:      dpeg_arrival_houses_and_road, layout_loops_ring
D:2:      layout_basic, marbit_many_paths, first_ration
D:3:      layout_loops_ring
D:4:      layout_rooms, nicolae_overflow_hidden_temple,
          cheibrodos_sewer_entry_drain
D:5:      layout_loops_ring, cheibrodos_ashenzari_chains, trog_eyes_of_draining,
          minmay_misc_feat_columns, hangedman_abyss_or_decor_passed,
          uniq_blork_the_orc, uniq_pikel
D:6:      layout_cave_pools, minmay_temple_entry_purple_smoke,
          gammafunk_ghost_icy, serial_shops,
          nicolae_shop_temple_entry_statues_fountains,
          yredelemnul_altar_generic, uniq_eustachio, uniq_menkaure
D:7:      black_bear_nest_2, layout_rooms, tso_altar, enter_ossuary_4,
          serial_shops, shop, nicolae_gozag_seed_capital
Temple:   eino_temple_scatter_basement
Sewer:    sewer_kobolds
Ossuary:  ossuary_kennysheep_city_of_the_dead

Skill      XL: |  1  2  3  4  5  6  7  8  9 |
---------------+----------------------------+-----
Polearms       | 1 2 3 |  3.1
Armour         | 2 3 4 5 6 |  6.5
Shields        | 1 2 4 6 |  6.1
Invocations    | 1 2 4 6 |  6.4
Fighting       | 5 6 7 |  7.7
Stealth        | |  5.0

Action                   |  1- 3 |  4- 6 |  7- 9 | 10-12 || total
-------------------------+-------+-------+-------+-------++-------
Melee: Spear             |   108 |   239 |   510 |    27 ||   884
 Abil: Draw Destruction  |       |     3 |     6 |       ||     9
       Draw Summoning    |       |       |     5 |       ||     5
       Draw Escape       |       |       |     4 |       ||     4
Evoke: Wand              |       |       |    15 |     1 ||    16
  Use: Scroll            |       |       |    13 |       ||    13
 Stab: Sleeping          |     7 |     6 |       |       ||    13
  Eat: Chunk             |       |     7 |     9 |       ||    16
       Ration            |       |       |     2 |       ||     2
Armor: Ring mail         |    32 |    45 |       |       ||    77
       Plate armour      |       |       |   212 |    13 ||   225
Dodge: Dodged            |    31 |    31 |    25 |     5 ||    92
Block: Shield            |     3 |    95 |   271 |    27 ||   396
       Reflection        |       |     2 |    13 |       ||    15

Table legend:
 A = Non-vault XP
 B = Vault XP
 C = Vault XP percentage of total XP
 D = Non-vault monster count
 E = Vault monster count
 F = Vault count percentage of total count
                 A         B        C        D         E       F
            +---------+---------+-------+---------+---------+-------
      Total |    2358 |    1748 |  42.6 |     139 |      33 |  19.2
            +---------+---------+-------+---------+---------+-------
        D:1 |      46 |       0 |   0.0 |      26 |       0 |   0.0
        D:2 |      67 |      14 |  17.3 |      20 |       1 |   4.8
        D:3 |     112 |       0 |   0.0 |      15 |       0 |   0.0
        D:4 |     209 |       3 |   1.4 |      15 |       2 |  11.8
        D:5 |     708 |     902 |  56.0 |      26 |       5 |  16.1
        D:6 |     867 |     355 |  29.1 |      25 |       2 |   7.4
        D:7 |     349 |       1 |   0.3 |      12 |       1 |   7.7
      Sewer |       0 |     102 | 100.0 |       0 |       6 | 100.0
    Ossuary |       0 |     371 | 100.0 |       0 |      16 | 100.0
            +---------+---------+-------+---------+---------+-------
